 Dungeon Crawl Stone Soup version 0.25-a0-279-g53730b6a6f (webtiles) character file.

Game seed: 15628233876983409846, levelgen mode: deterministic

235 Nixze the Firebug (level 5, -12/38 HPs)
             Began as a Draconian Fire Elementalist on Dec 10, 2019.
             Mangled by an ogre
             ... wielding a +0 giant club
              (20 damage)
             ... on level 3 of the Dungeon.
             The game lasted 00:09:02 (3581 turns).

Nixze the Firebug (Draconian Fire Elementalist)     Turns: 3581, Time: 00:09:03

Health: -12/38     AC:  9    Str: 11    XL:     5   Next: 76%
Magic:  0/8        EV: 12    Int: 16    God:
Gold:   118        SH:  0    Dex: 14    Spells: 0/8 levels left

rFire    . . .     SeeInvis .   u - +1 falchion (vamp)
rCold    . . .     Gourm    .   (no shield)
rNeg     + . .     Faith    .   (armour unavailable)
rPois    .         Spirit   .   (helmet restricted)
rElec    .         Reflect  .   (no cloak)
rCorr    .         Harm     .   h - +2 pair of gloves {Dex+3}
MR       .....                  q - +0 pair of boots
Stlth    ++........             e - amulet of regeneration
HPRegen  0.52/turn              c - ring of positive energy
MPRegen  0.11/turn              (no ring)

@: no status effects
A: unfitting armour, cold-blooded, AC +5
a: no special abilities


You were on level 3 of the Dungeon.
You were not hungry.

You visited 1 branch of the dungeon, and saw 4 of its levels.

You collected 118 gold pieces.

Inventory:

Hand Weapons
 d - a +2 dagger of protection
 u - a +1 vampiric falchion (weapon)
Armour
 a - a +0 shield
 h - a +2 pair of gloves of dexterity (worn)
 q - a +0 pair of boots (worn)
Jewellery
 c - a ring of positive energy (left hand)
 e - an amulet of regeneration (around neck)
 s - an uncursed amulet of the gourmand {unknown}
Wands
 w - a wand of acid (10)
 x - a wand of iceblast (12)
Scrolls
 f - 2 scrolls of blinking {unknown}
 g - 3 scrolls of amnesia {unknown}
 i - 3 scrolls of identify
 j - a scroll of magic mapping {unknown}
 l - 2 scrolls of remove curse {unknown}
 n - a scroll of random uselessness {unknown}
 o - 2 scrolls of teleportation {unknown}
Potions
 k - 2 potions of flight {unknown}
 p - a potion of degeneration {unknown}
 r - a potion of magic {unknown}
 t - a potion of curing {unknown}
 v - 3 potions of heal wounds {unknown}
Comestibles
 b - 8 rations
 m - 2 chunks of flesh


   Skills:
 - Level 1.7 Dodging
 - Level 1.7 Stealth
 - Level 2.0 Spellcasting
 - Level 1.0 Conjurations
 * Level 6.6 Fire Magic


You couldn't memorise any spells.
You knew the following spells:

 Your Spells              Type           Power        Failure   Level  Hunger
a - Foxfire               Conj/Fire      ##..         4%          1    #......
b - Conjure Flame         Conj/Fire      ##......     13%         3    ###....
c - Sticky Flame          Conj/Fire      ##......     41%         4    #####..

Your spell library contained the following spells:

 Spells                   Type           Power        Failure   Level  Hunger
 Inner Flame              Hex/Fire       ##......     16%         3    ###....
 Fireball                 Conj/Fire      ##........   77%         5    ######.


Dungeon Overview and Level Annotations

Branches:
Dungeon (4/15)
 Temple: D:4-7

Altars:
Elyvilon

Annotations:
D:3 Terence
D:4 Dowan


Innate Abilities, Weirdness & Mutations

Your plain brown scales are hard. (AC +5)
You cannot fit into any form of body armour.
You are cold-blooded and may be slowed by cold attacks.


Message History

You conjure some foxfire!
The foxfire hits the ogre.
The ogre is severely wounded.
Casting: Foxfire (safe; 4% risk of failure)
Confirm with . or Enter, or press ? or * to list all spells.
You conjure some foxfire!
The foxfire hits the ogre.
The ogre is severely wounded.
Casting: Foxfire (safe; 4% risk of failure)
Confirm with . or Enter, or press ? or * to list all spells.
You conjure some foxfire!
The ogre hits you with a +0 giant club!!
Ouch! That really hurt!
* * * LOW HITPOINT WARNING * * *
You are too injured to fight recklessly!
You hit the ogre but do no damage. You tail-slap the ogre.
The ogre is almost dead.
The ogre hits you with a +0 giant club!!
Ouch! That really hurt!
You die...

#.# #.####.# #.
#.# #......# #.
#.# #####>## #.
#.# #.# #. #.####
#[# ##########
#..รท.# #.#
#......... ####.##
#.# #.########
####.#.#### #O#
#.# ....###...#
#@# #.#
####.#.##.# #v#
#.# # ##.###.#
#.#######.# # #.#
#.#
#.........########
# #.# #(#
####..............
# #.# #.#
#.############. #
#.# #.# #.# #. #
#.###.#########.#
#. #
#...............#
##


You could see an ogre.

Vanquished Creatures
  A howler monkey (D:4)
  A crimson imp (D:3)
  Robin (D:2)
  5 adders
  3 worms
  2 dart slugs
  5 leopard geckos
  An orc (D:3)
  5 giant cockroaches
  12 goblins
  13 hobgoblins
  7 jackals
  7 kobolds
  A quokka (D:2)
  5 ball pythons
  3 bats
  4 frilled lizards
  A giant cockroach zombie (D:3)
  7 rats
84 creatures vanquished.

Vanquished Creatures (others)
  221 foxfires
221 creatures vanquished.

Grand Total: 305 creatures vanquished

Notes
Turn   | Place    | Note
-------+----------+-------------------------------------------
     0 | D:1      | Nixze the Draconian Fire Elementalist began the quest for
                  | the Orb.
     0 | D:1      | Reached XP level 1. HP: 14/14 MP: 3/3
   284 | D:1      | Reached XP level 2. HP: 20/20 MP: 1/5
   530 | D:1      | Reached skill level 4 in Fire Magic
   929 | D:2      | Reached XP level 3. HP: 26/26 MP: 2/6
  1178 | D:2      | Noticed Robin
  1525 | D:2      | Killed Robin
  1525 | D:2      | Reached skill level 5 in Fire Magic
  1525 | D:2      | Reached XP level 4. HP: 33/33 MP: 2/7
  1838 | D:2      | Learned a level 3 spell: Conjure Flame
  2294 | D:3      | Reached XP level 5. HP: 37/38 MP: 4/8
  2579 | D:3      | Reached skill level 6 in Fire Magic
  2657 | D:3      | Found a white marble altar of Elyvilon.
  3002 | D:3      | Noticed Terence
  3181 | D:3      | Learned a level 4 spell: Sticky Flame
  3506 | D:4      | Noticed Dowan
  3544 | D:4      | Noticed an ogre
  3581 | D:3      | Mangled by an ogre

Levels and vault maps discovered:
D:1:      dpeg_arrival_long_road, layout_rooms, hangedman_decor_peaks_small
D:2:      layout_basic, first_ration, uniq_robin
D:3:      layout_loops_ring, elyvilon_altar_1, kennysheep_cross_bottleneck,
          grunt_ministairs_9, chequers_serial_rivers_micro_a,
          minmay_tree_intersection, uniq_terence
D:4:      layout_rooms, grunt_ministairs_7, minmay_pentomino_pile, uniq_duvessa

Skill      XL: |  1  2  3  4  5 |
---------------+----------------+-----
Fire Magic     | 4 5 6 |  6.6
Dodging        | |  1.7
Stealth        | |  1.7
Spellcasting   | |  2.0
Conjurations   | |  1.0

Action                   |  1- 3 |  4- 6 || total
-------------------------+-------+-------++-------
Melee: Unarmed           |     2 |       ||     2
       Dagger            |    15 |   120 ||   135
       Tailslap          |     1 |    15 ||    16
       Falchion          |       |     1 ||     1
 Cast: Foxfire           |    72 |    68 ||   140
       Conjure Flame     |       |     3 ||     3
  Use: Scroll            |     1 |       ||     1
 Stab: Sleeping          |       |     1 ||     1
  Eat: Chunk             |     3 |     8 ||    11
Armor: Skin              |    43 |    53 ||    96
Dodge: Dodged            |    73 |   103 ||   176
       Rpst.: Falchion   |       |     3 ||     3

Table legend:
 A = Non-vault XP
 B = Vault XP
 C = Vault XP percentage of total XP
 D = Non-vault monster count
 E = Vault monster count
 F = Vault count percentage of total count
                 A         B        C        D         E       F
            +---------+---------+-------+---------+---------+-------
      Total |     299 |      38 |  11.3 |      70 |      14 |  16.7
            +---------+---------+-------+---------+---------+-------
        D:1 |      39 |       4 |   9.3 |      21 |       2 |   8.7
        D:2 |      64 |      32 |  33.3 |      20 |      10 |  33.3
        D:3 |     141 |       2 |   1.4 |      28 |       2 |   6.7
        D:4 |      55 |       0 |   0.0 |       1 |       0 |   0.0
            +---------+---------+-------+---------+---------+-------
